 Dungeon Crawl Stone Soup version 0.28-a0-1374-ga75cb3825e (webtiles) character file.

Game seed: 15703789927043972968

759 fragbeetle the Skirmisher (level 7, -1/61 HPs)
             Began as a White Draconian Cinder Acolyte on Dec 31, 2021.
             Was a High Priest of Ignis.
             Slain by a komodo dragon (14 damage)
             ... on level 5 of the Dungeon.
             The game lasted 00:20:37 (6058 turns).

fragbeetle the Skirmisher (DrCA)                    Turns: 6058, Time: 00:20:38

Health: -1/61      AC:  6    Str: 17    XL:     7   Next: 50%
Magic:  2/11       EV: 27    Int: 14    God:    Ignis [*****.]
Gold:   105        SH:  0    Dex:  8    Spells: 10/12 levels left

rFire   . . .      SeeInvis .   a - -1 spear (flame)
rCold   + + .      Faith    .   (no shield)
rNeg    + . .      Spirit   .   (armour unavailable)
rPois   +          Reflect  .   (helmet restricted)
rElec   +          Harm     .   (no cloak)
rCorr   +          Rampage  .   (no gloves)
Will    .....                   (no boots)
Stlth   ++........              e - amulet of the acrobat
HPRegen 0.20/turn               l - ring "Xacakku" {rElec rCorr}
MPRegen 0.12/turn               t - ring "Vofril" {rPois rF- rC+ rN+ Stlth+}

@: acrobatic
A: breathe frost, AC +6, unfitting armour, cold resistance 1, cold-blooded
a: Breathe Frost, Renounce Religion, Fiery Armour, Foxfire Swarm, Rising Flame


You were on level 5 of the Dungeon.
You worshipped Ignis.
Ignis was extremely pleased with you.
You visited 1 branch of the dungeon, and saw 6 of its levels.

You collected 105 gold pieces.

Inventory:

Hand Weapons
 a - a -1 spear of flaming (weapon)
 b - a +0 hunting sling
 h - a +0 spear
Missiles
 c - a throwing net
 f - 170 stones
 m - 13 poisoned darts
 q - 3 boomerangs
Armour
 g - an orb of energy
 i - an orb of energy
 w - an orb of guile
Magical Staves
 B - a staff of earth
Jewellery
 e - an amulet of the acrobat (around neck)
 l - the ring "Xacakku" (left hand) {rElec rCorr}
   (You found it on level 2 of the Dungeon)

   [ring of resist corrosion]

   rElec:     It insulates you from electricity.
   rCorr:     It protects you from acid and corrosion.
 r - an amulet of guardian spirit
 t - the ring "Vofril" (right hand) {rPois rF- rC+ rN+ Stlth+}
   (You found it on level 2 of the Dungeon)

   [ring of protection from cold]

   rF:        It makes you vulnerable to fire.
   rC:        It protects you from cold.
   rPois:     It protects you from poison.
   rN:        It protects you from negative energy.
   Stlth:     It makes you more stealthy.
Scrolls
 d - 2 scrolls of blinking {unknown}
 k - 3 scrolls of identify {unknown}
 p - a scroll of amnesia {unknown}
 y - a scroll of enchant weapon {unknown}
 A - 2 scrolls of holy word {unknown}
 D - 3 scrolls of teleportation {unknown}
 E - a scroll of torment {unknown}
Potions
 j - 2 potions of curing {unknown}
 n - a potion of berserk rage {unknown}
 o - 2 potions of heal wounds
 s - 2 potions of resistance
 u - a potion of invisibility {unknown}
 v - a potion of attraction {unknown}
 x - a potion of brilliance {unknown}
 z - a potion of might {unknown}
 C - a potion of lignification {unknown}


   Skills:
 + Level 5.0 Fighting
 + Level 4.5 Polearms
 + Level 2.9 Dodging
 + Level 3.1 Spellcasting
 + Level 3.7 Fire Magic
 + Level 2.9 Evocations


You had 10 spell levels left.
You knew the following spells:

 Your Spells              Type           Power      Damage    Failure   Level
a - Scorch                Fire           24%        2d6       7%          2

Your spell library contained the following spells:

 Spells                   Type           Power      Damage    Failure   Level


Dungeon Overview and Level Annotations

Branches:
Dungeon (6/15)
 Temple: D:4-7

Altars:
Qazlal
Ru
Xom

Annotations:
D:3 2 transporters, Urgle's ghost, amateur DsFi
D:4 Edmund; Pikel
D:5 Dowan; Duvessa


Innate Abilities, Weirdness & Mutations

You can breathe waves of freezing cold which knock back foes.
Your icy white scales are hard. (AC +6)
You cannot fit into any form of body armour.
Your flesh is cold resistant. (rC+)
You are cold-blooded and may be slowed by cold attacks.


Message History

The orc warrior shouts!
You can't see any susceptible monsters within range! (Use Z to cast anyway.)
Things that are here:
a +0 hand axe; an orc corpse
There is a stone staircase leading up, spattered with blood here.
Flames lash the orc warrior.
The orc warrior is lightly wounded.
The orc warrior's fire resistance burns away.
You hear a shout!
Flames lash the orc warrior.
The orc warrior is burned terribly!
The orc warrior is moderately wounded.
The orc warrior hits you with a +3 short sword!
Flames lash the orc warrior.
The orc warrior is burned terribly!
The orc warrior is almost dead.
The orc warrior hits you with a +3 short sword!
You hit the orc warrior but do no damage.
The orc warrior is almost dead.
The orc warrior hits you with a +3 short sword!!
* * * LOW HITPOINT WARNING * * *
You are too injured to fight recklessly!
The orc warrior is no longer more vulnerable to fire.
The orc warrior closely misses you.
You climb upwards.
Level annotation: Dowan; Duvessa
There is a stone staircase leading down here.
You are too injured to fight recklessly!
Casting: Scorch (safe; 8% risk of failure)
Confirm with . or Enter, or press ? or * to list all spells.
Flames lash the orc warrior but do no damage.
The orc warrior closely misses you.
Casting: Scorch (safe; 8% risk of failure)
Confirm with . or Enter, or press ? or * to list all spells.
Flames lash the orc warrior.
You kill the orc warrior!
Your Fighting skill increases to level 5!
Your Spellcasting skill increases to level 3!
The centaur zombie misses you.
The centaur zombie kicks you but does no damage.
The komodo dragon bites you!
You die...

.#..###.##
........
#..#.$.###
#........
#....#.#
#......#
###..l...###..
#...@Z........
.###....).###.
...(......>#
...##......#
.... #......#
## .##......#
#.........#
#.#.......#
#.#..######


You could see a komodo dragon and a centaur zombie.

Vanquished Creatures
  An orc warrior (D:5)
  2 black bears
  A lemure (D:3)
  A phantom (D:5)
  A scorpion (D:4)
  A water moccasin zombie (D:6)
  Jessica (D:3)
  Natasha (thrice) (D:4)
  A hound skeleton (D:4)
  Robin (D:3)
  A gnoll (D:1)
  6 adders
  2 white imps
  2 worms
  A dart slug (D:2)
  6 orcs
  6 ball pythons
  6 endoplasms
  4 giant cockroaches
  9 goblins
  9 hobgoblins
  2 jackals (D:4)
  2 quokkas
  5 bats (D:2)
  2 frilled lizards
  5 kobolds
  7 rats
88 creatures vanquished.

Notes
Turn   | Place    | Note
-------+----------+-------------------------------------------
     0 | D:1      | fragbeetle the Draconian Cinder Acolyte began the quest for
                  | the Orb.
     0 | D:1      | Reached XP level 1. HP: 19/19 MP: 2/2
    91 | D:1      | Found a faded altar of an unknown god.
   329 | D:1      | Reached XP level 2. HP: 26/26 MP: 3/3
   337 | D:1      | Learned a level 2 spell: Scorch
  1061 | D:2      | Reached XP level 3. HP: 26/31 MP: 5/5
  1334 | D:2      | Identified the ring "Xacakku" {rElec rCorr}
  1397 | D:2      | Reached skill level 1 in Dodging
  1527 | D:2      | Reached skill level 1 in Evocations
  1576 | D:2      | Reached XP level 4. HP: 17/40 MP: 6/6
  1851 | D:2      | Found a stormy altar of Qazlal.
  2260 | D:2      | Identified the ring "Vofril" {rPois rF- rC+ rN+ Stlth+}
  2568 | D:3      | Noticed Jessica
  2575 | D:3      | Killed Jessica
  2838 | D:3      | Found a transporter.
  2840 | D:3      | Noticed Urgle's ghost (amateur DsFi)
  2875 | D:3      | Found a transporter.
  3181 | D:3      | Noticed Robin
  3192 | D:3      | Killed Robin
  3193 | D:3      | Reached XP level 5. HP: 42/46 MP: 4/8
  3436 | D:3      | Reached skill level 4 in Fighting
  3536 | D:4      | Noticed Edmund
  3889 | D:4      | Found a shimmering altar of Xom.
  3889 | D:4      | Found a sacrificial altar of Ru.
  3911 | D:4      | Noticed a black bear
  3920 | D:4      | Killed a black bear
  3921 | D:4      | Reached XP level 6. HP: 13/53 MP: 0/9
  4526 | D:4      | Noticed Natasha
  4554 | D:4      | Killed Natasha
  4856 | D:4      | Noticed Natasha
  4865 | D:4      | Killed Natasha
  4904 | D:4      | Noticed Natasha
  4906 | D:4      | Noticed Pikel
  5125 | D:4      | Killed Natasha
  5724 | D:5      | Entered Level 5 of the Dungeon
  5791 | D:5      | Noticed Duvessa
  5792 | D:5      | Noticed Dowan
  5796 | D:5      | Your scales start taking on an icy white colour.
  5796 | D:5      | Reached XP level 7. HP: 56/60 MP: 6/11
  5796 | D:5      | Gained mutation: Your flesh is cold resistant. (rC+) [White
                  | Draconian growth]
  5842 | D:5      | Noticed a komodo dragon
  6055 | D:5      | Reached skill level 5 in Fighting
  6058 | D:5      | Slain by a komodo dragon

Illustrated notes

Levels and vault maps discovered:
D:1:      lemuel_arrival_behind_the_door_small, layout_basic,
          chequers_ecumenical_altar_simple, minmay_crystal_water,
          minmay_tiny_reverse_x
D:2:      layout_basic, basic_altar, minmay_between
D:3:      layout_loops_corners, gammafunk_ghost_mausoleum, uniq_jessica,
          uniq_robin
D:4:      layout_layer_cave, amethyst_overflow_temple_binary,
          grunt_ministairs_12, uniq_edmund, uniq_pikel, uniq_natasha
D:5:      layout_basic, uniq_grinder, uniq_duvessa, uniq_menkaure
D:6:      layout_layer_cave, lemuel_doored_altar, serial_shops, shop,
          serial_bayou_pond_d

Skill      XL: |  1  2  3  4  5  6  7 |
---------------+----------------------+-----
Dodging        | 1 2 |  2.9
Evocations     | 1 2 |  2.9
Spellcasting   | 2 3 |  3.1
Fighting       | 4 5 |  5.0
Fire Magic     | 4 3 |  3.7
Polearms       | 4 |  4.5

Action                   |  1- 3 |  4- 6 |  7- 9 || total
-------------------------+-------+-------+-------++-------
Melee: Spear             |    86 |   150 |    10 ||   246
       Tailslap          |     1 |    11 |     4 ||    16
 Fire: Hunting sling     |     3 |     3 |       ||     6
Throw: Dart              |       |     2 |       ||     2
 Cast: Scorch            |     9 |    42 |    11 ||    62
Invok: Fiery Armour      |     1 |       |       ||     1
  Use: Potion            |       |     2 |       ||     2
 Stab: Sleeping          |       |     7 |     1 ||     8
       Distracted        |       |     1 |       ||     1
Armor: Skin              |    27 |    41 |     3 ||    71
Dodge: Dodged            |    61 |   119 |    10 ||   190

Table legend: (Time is in decaauts)
 A = Elapsed time spent in this place.
 B = Non-inter-level travel time spent in this place.
 C = Inter-level travel time spent in this place.
 D = Time resting spent in this place.
 E = Time spent auto-exploring this place.
 F = Levels seen in this place.
 G = Mean time per level.
                   A        B        C        D        E       F      G
               +--------+--------+--------+--------+--------+-----+--------+
         Total |   6061 |   6000 |     61 |   1462 |   2141 |   6 | 1010.2 |
       Dungeon |   6061 |   6000 |     61 |   1462 |   2141 |   6 | 1010.2 |
               +--------+--------+--------+--------+--------+-----+--------+

Top non-repeatable levels by time:
     D:4: 1749 daAuts
     D:2: 1513 daAuts
     D:3: 1482 daAuts
     D:1: 1013 daAuts
     D:6: 200 daAuts
     D:5: 102 daAuts
